 Dungeon Crawl Stone Soup version 0.26-a0-651-gb41185065b (webtiles) character file.

Game seed: 13036667447560488237

(classic levelgen) 8705 EnegeticOcto the Cleaver (level 11, 0/150 HPs)
             Began as a Deep Dwarf Fighter on Oct 30, 2020.
             Was a Believer of Ru.
             Slain by a skeletal warrior
             ... wielding a +0 halberd
             ... led by a skeletal warrior
              (12 damage)
             ... on level 11 of the Dungeon.
             The game lasted 00:06:31 (7806 turns).

EnegeticOcto the Cleaver (Deep Dwarf Fighter)       Turns: 7806, Time: 00:06:32

Health: 0/150      AC: 17    Str: 23    XL:     11   Next: 13%
Magic:  16/16 (7)  EV:  8    Int:  9    God:    Ru [**....]
Gold:   672        SH:  0    Dex: 12    Spells: 16/16 levels left

rFire    . . .     SeeInvis +   y - +2 executioner's axe (vamp)
rCold    . . .     Faith    .   (shield currently unavailable)
rNeg     . . .     Spirit   .   u - +1 plate armour
rPois    .         Reflect  .   (no helmet)
rElec    .         Harm     .   (no cloak)
rCorr    .         Rampage  .   C - +2 pair of gloves
MR       .....                  (no boots)
Stlth    ..........             (no amulet)
HPRegen  0.00/turn              j - ring of see invisible
MPRegen  0.15/turn              E - ring of magical power

@: berserking (expiring), non-regenerating, heavily drained, very quick
A: damage resistance, heal wounds, sense surroundings 2, no stealth, magic
vulnerability 1, no regeneration
a: Heal Wounds, Renounce Religion


You were on level 11 of the Dungeon.
You worshipped Ru.
Ru was pleased with you.
You visited 2 branches of the dungeon, and saw 12 of its levels.
You also visited: Ossuary.

You collected 672 gold pieces.

Inventory:

Hand Weapons
 y - a +2 vampiric executioner's axe (weapon)
Armour
 u - a +1 plate armour (worn)
 C - a +2 pair of gloves (worn)
Jewellery
 j - a ring of see invisible (left hand)
 D - an uncursed ring of protection from fire
 E - a ring of magical power (right hand)
Wands
 v - a wand of enslavement (7)
 z - a wand of paralysis (6)
 F - a wand of polymorph (2)
Scrolls
 b - a scroll of enchant armour
 c - a scroll of random uselessness {unknown}
 f - 3 scrolls of teleportation {@r3}
 i - 4 scrolls of identify {@r1}
 k - 4 scrolls of remove curse {@r2}
 m - 3 scrolls of blinking
 s - a scroll of fog
 t - 4 scrolls of fear
Potions
 a - a potion of cancellation
 d - 5 potions of might {@q3}
 e - 3 potions of magic
 g - a potion of ambrosia
 h - 6 potions of curing {@q1}
 o - 3 potions of haste {@q4}
 p - 3 potions of flight
 r - 5 potions of heal wounds {@q2}
 x - a potion of resistance {@q5}
 A - 2 potions of mutation


   Skills:
 + Level 7.3(4.6) Fighting
 * Level 11.6(8.6) Axes
 + Level 8.8(6.0) Armour
 + Level 5.9(3.3) Dodging
   Level 6.5(3.9) Shields
 + Level 3.3(0.9) Spellcasting
   Level 2.8(0.4) Invocations


You had 16 spell levels left.
You didn't know any spells.
Your spell library was empty.

Dungeon Overview and Level Annotations

Branches:
Dungeon (11/15)            Temple (1/1) D:4            Lair (0/6) D:10
    Orc (0/2) D:10        Ossuary (visited)

Altars:
Ashenzari
Cheibriados
Dithmenos
Elyvilon
Fedhas
Gozag
Hepliaklqana
Kikubaaqudgha
Makhleb
Nemelex Xobeh
Okawaru
Qazlal
Ru
Sif Muna
Trog
Uskayaw
Vehumet
Wu Jian
Xom
Yredelemnul
Zin
The Shining One

Annotations:
D:10 exclusion: 2 oklob plants


Innate Abilities, Weirdness & Mutations

You are resistant to damage.
You can heal yourself by infusing magical energy.
You passively map the area around you.
You cannot be stealthy.
You are slightly vulnerable to magic. (MR-)
You do not regenerate.


Message History

You feel drained.
Your magical essence is drained by the effort!
You feel much better.
The skeletal warrior hits you with a +0 war axe.
The skeletal warrior hits you from afar with a +0 halberd!!
Your magical essence is drained by the effort!
You feel much better.
The skeletal warrior hits you with a +0 war axe!
The skeletal warrior hits you but does no damage. x2
You feel drained.
Evoke which item? (* to show all) (? for menu, Esc to quit)
Okay, then.
A red film seems to cover your vision as you go berserk!
You feel yourself moving faster!
You feel mighty!
The skeletal warrior hits you with a +0 war axe!
You focus your will and illuminate the skeletal warrior in retribution!
The skeletal warrior hits you but does no damage.
You feel drained. The skeletal warrior barely misses you.
You barely miss the skeletal warrior. You closely miss the skeletal warrior.
The skeletal warrior hits you with a +0 war axe.
The skeletal warrior barely misses you.
The skeletal warrior hits you but does no damage.
You slash the skeletal warrior!
The skeletal warrior is moderately damaged.
You hit the skeletal warrior. You hit the skeletal warrior.
The skeletal warrior is moderately damaged.
You closely miss the skeletal warrior.
You redirect the skeletal warrior's attack!
The skeletal warrior hits the skeletal warrior with a +0 war axe!
The skeletal warrior barely misses you. The skeletal warrior misses you.
The skeletal warrior barely misses you.
You slice the skeletal warrior!!
The skeletal warrior is almost destroyed.
You barely miss the skeletal warrior.
The skeletal warrior hits you with a +1 dire flail of draining!
You feel drained.
The skeletal warrior hits you with a +0 war axe!
The skeletal warrior hits you from afar with a +0 halberd!
A skeletal warrior comes into view. It is wielding a +0 flail.
You slash the skeletal warrior!
You destroy the skeletal warrior!
You barely miss the skeletal warrior.
The skeletal warrior hits you with a +1 dire flail of draining!
You feel drained.
The skeletal warrior hits you from afar with a +0 halberd!
You are too injured to fight recklessly!
You are too injured to fight recklessly!
You are too injured to fight recklessly!
You are too injured to fight recklessly!
You are too injured to fight recklessly!
You are too injured to fight recklessly!
You are too injured to fight recklessly!
You are too injured to fight recklessly!
You are too injured to fight recklessly!
You are too injured to fight recklessly!
You are too injured to fight recklessly!
You are too injured to fight recklessly!
You are too injured to fight recklessly!
You are too injured to fight recklessly!
You are too injured to fight recklessly!
You are too injured to fight recklessly!
You are too injured to fight recklessly!
You are too injured to fight recklessly!
You are too injured to fight recklessly!
You are too injured to fight recklessly!
The skeletal warrior hits you with a +1 dire flail of draining!
You feel drained.
You closely miss the skeletal warrior.
The skeletal warrior is lightly damaged.
You barely miss the skeletal warrior.
The skeletal warrior is stunned by your will and fails to attack. x2
You slash the skeletal warrior!
The skeletal warrior is moderately damaged.
You hit the skeletal warrior.
The skeletal warrior hits you but does no damage.
The skeletal warrior hits you with a +1 dire flail of draining.
You feel drained.
You slash the skeletal warrior!
The skeletal warrior is heavily damaged.
You closely miss the skeletal warrior.
The skeletal warrior hits you with a +0 halberd!
* * * LOW HITPOINT WARNING * * *
The skeletal warrior hits you with a +1 dire flail of draining!!
* * * LOW HITPOINT WARNING * * *
You feel drained.
You slash the skeletal warrior!
The skeletal warrior is severely damaged.
You closely miss the skeletal warrior. You barely miss the skeletal warrior.
The skeletal warrior hits you with a +0 halberd!
* * * LOW HITPOINT WARNING * * *
The skeletal warrior hits you but does no damage.
The skeletal warrior is stunned by your will and fails to attack.
You are too berserk!
You barely miss the skeletal warrior.
The skeletal warrior is severely damaged.
You hit the skeletal warrior but do no damage.
You slash the skeletal warrior!
The skeletal warrior hits you with a +0 halberd!
You die...

,, ,, , ,* #......#.# , , , * ,+
#......#.# *. * , ,, , ,
#.....[#.# . , , ,* , ,
#......#.###. * , *
,#......#..... * * ,,, *,,
#......#..... * , ######...'.....
,, ##########.####...#..... *
*......z@..........#..... #.,
....).z)z.........#.###. #..
..................#.....
#..#..................#.....
######..######...#######...#.....
.##.........##...##..,*#...#.....
..#.........'........ ,....#.##..
..#.........#)....... ...#.##..
..#.........#........,, #.##..


You could see 3 skeletal warriors.

Vanquished Creatures
  A two-headed ogre (D:8)
  A death yak (D:10)
  A skeletal warrior (D:11)
  An ugly thing (D:11)
  A komodo dragon (D:10)
  A centaur skeleton (D:10)
  A polar bear (D:10)
  2 hippogriffs
  2 wyverns
  A yak (D:10)
  A warg (D:10)
  3 ice beasts
  2 orc warriors
  A necrophage (D:7)
  A phantom (D:5)
  3 sky beasts
  5 ogres
  A wolf (D:10)
  5 centaurs
  2 big kobolds
  5 bullfrogs
  2 elf zombies (Ossuary)
  Blork the orc (D:5)
  2 wyvern zombies
  A gnoll sergeant (D:10)
  A hornet simulacrum (D:10)
  10 killer bees
  3 scorpions
  3 wights (D:10)
  2 bullfrog zombies
  4 centaur zombies
  A human zombie (Ossuary)
  9 orc priests
  4 hounds
  3 jellies
  6 orc wizards
  2 bullfrog skeletons
  3 iguanas
  4 worker ants
  A big kobold zombie (Ossuary)
  A hound skeleton (D:7)
  2 mummies (Ossuary)
  12 adders
  4 gnolls
  4 shadow imps
  6 white imps
  A worker ant simulacrum (D:10)
  A howler monkey simulacrum (D:10)
  5 ufetubi
  An adder zombie (D:7)
  2 adder skeletons (D:4)
  A worm (D:2)
  4 dart slugs
  6 leopard geckos
  40 orcs
  5 bats (D:2)
  5 giant cockroaches
  8 goblins
  14 hobgoblins
  7 jackals
  3 quokkas
  A ball python (D:4)
  12 frilled lizards
  2 gnoll zombies (D:7)
  9 hobgoblin zombies (Ossuary)
  2 jackal zombies (Ossuary)
  17 kobolds
  14 kobold zombies (Ossuary)
  A leopard gecko zombie (D:6)
  4 orc zombies (Ossuary)
  A quokka skeleton (D:10)
  7 rats
  A rat zombie (Ossuary)
306 creatures vanquished.

Vanquished Creatures (others)
  7 plants (D:10)
7 creatures vanquished.

Grand Total: 313 creatures vanquished

Notes
Turn   | Place    | Note
-------+----------+-------------------------------------------
     0 | D:1      | EnegeticOcto the Deep Dwarf Fighter began the quest for the
                  | Orb.
     0 | D:1      | Reached XP level 1. HP: 20/20 MP: 1/1
   126 | D:2      | Reached XP level 2. HP: 22/27 MP: 2/2
   179 | D:2      | Found an iron altar of Okawaru.
   206 | D:2      | Found a stormy altar of Qazlal.
   348 | D:2      | Found a blossoming altar of Fedhas.
   356 | D:2      | Reached skill level 3 in Axes
   358 | D:2      | Reached XP level 3. HP: 26/33 MP: 3/3
   486 | D:3      | Found an opulent altar of Gozag.
   613 | D:4      | Noticed a scorpion
   624 | D:4      | Killed a scorpion
   624 | D:4      | Reached XP level 4. HP: 29/42 MP: 4/4
   696 | D:4      | Found a sand-covered staircase.
   701 | Ossuary  | Entered an ossuary
   716 | Ossuary  | Reached skill level 4 in Axes
   785 | Ossuary  | Reached XP level 5. HP: 25/49 MP: 5/5
   827 | Ossuary  | Reached XP level 6. HP: 45/56 MP: 6/6
   837 | Ossuary  | Reached skill level 5 in Axes
  1011 | D:4      | Reached skill level 5 in Shields
  1011 | D:4      | Reached XP level 7. HP: 33/64 MP: 4/4
  1024 | D:4      | Found a broken altar of Ashenzari.
  1151 | D:4      | Found a staircase to the Ecumenical Temple.
  1157 | Temple   | Entered the Ecumenical Temple
  1409 | D:4      | Found a sparkling altar of Nemelex Xobeh.
  1502 | D:5      | Entered Level 5 of the Dungeon
  1526 | D:5      | Reached skill level 6 in Axes
  1526 | D:5      | Reached skill level 5 in Armour
  1591 | D:5      | Found a hazy altar of Hepliaklqana.
  1642 | D:5      | Found a white marble altar of Elyvilon.
  2258 | D:5      | Noticed Blork the orc
  2271 | D:5      | Killed Blork the orc
  2271 | D:5      | Reached XP level 8. HP: 58/73 MP: 5/5
  2482 | D:6      | Reached skill level 7 in Axes
  2724 | D:6      | Reached skill level 5 in Fighting
  2735 | D:6      | Found a hide-covered altar of Uskayaw.
  2854 | D:6      | Reached skill level 8 in Axes
  3397 | D:2      | You fall into a shaft and drop 2 floors!
  4060 | D:2      | Found a glowing silver altar of Zin.
  4686 | D:7      | Identified a scroll of acquirement
  4686 | D:7      | Acquired a +0 vampiric executioner's axe
  4726 | D:6      | Became a worshipper of Uskayaw the Reveler
  4757 | D:7      | Reached * piety under Uskayaw
  4758 | D:7      | Reached ** piety under Uskayaw
  4763 | D:7      | Reached *** piety under Uskayaw
  4764 | D:7      | Reached skill level 1 in Invocations
  4764 | D:7      | Reached skill level 1 in Dodging
  4764 | D:7      | Gained mutation: You passively map the area around you.
                  | [Deep Dwarf growth]
  4764 | D:7      | Reached XP level 9. HP: 81/81 MP: 4/4
  4764 | D:7      | Reached **** piety under Uskayaw
  4792 | D:7      | Reached ***** piety under Uskayaw
  4815 | D:7      | Found a basalt altar of Yredelemnul.
  4907 | D:7      | Found a sacrificial altar of Ru.
  5091 | D:7      | Reached skill level 9 in Axes
  5254 | D:7      | Found a burning altar of Makhleb.
  5486 | D:7      | Fell from the grace of Uskayaw
  5486 | D:7      | Became a worshipper of Ru the Awakened
  5610 | D:8      | Noticed a two-headed ogre
  5627 | D:8      | Killed a two-headed ogre
  5667 | D:8      | Paralysed by the fury of Uskayaw for 3 turns
  6047 | D:8      | Found an ancient bone altar of Kikubaaqudgha.
  6348 | D:9      | Reached skill level 10 in Axes
  6348 | D:9      | Reached skill level 1 in Spellcasting
  6348 | D:9      | Reached XP level 10. HP: 92/92 MP: 7/7
  6362 | D:9      | Gained mutation: You cannot be stealthy. [Ru sacrifice]
  6876 | D:10     | Entered Level 10 of the Dungeon
  7029 | D:10     | Paralysed by the fury of Uskayaw for 6 turns
  7100 | D:10     | Found a staircase to the Orcish Mines.
  7112 | D:10     | Gained mutation: You are slightly vulnerable to magic.
                  | (MR-) [Ru sacrifice]
  7112 | D:10     | Reached * piety under Ru
  7112 | D:10     | Reached ** piety under Ru
  7130 | D:10     | Found a staircase to the Lair.
  7146 | D:10     | Reached skill level 5 in Dodging
  7216 | D:10     | Found a blossoming altar of Fedhas.
  7218 | D:10     | Noticed an oklob plant
  7218 | D:10     | Noticed an oklob plant
  7266 | D:10     | Noticed a death yak
  7275 | D:10     | Killed a death yak
  7275 | D:10     | Reached skill level 11 in Axes
  7440 | D:10     | Noticed a death yak
  7476 | D:11     | Noticed a cyan ugly thing
  7487 | D:11     | Killed a cyan ugly thing
  7487 | D:11     | Reached XP level 11. HP: 82/100 MP: 10/10
  7785 | D:11     | Noticed a skeletal warrior
  7786 | D:11     | Noticed a skeletal warrior
  7786 | D:11     | Noticed a skeletal warrior
  7799 | D:11     | Noticed a skeletal warrior
  7800 | D:11     | Killed a skeletal warrior
  7806 | D:11     | Slain by a skeletal warrior

Illustrated notes

Levels and vault maps discovered:
D:1:      dpeg_arrival_tiny_b, layout_loops_ring, dk_noncrumbling_3,
          grunt_decor_fettered
D:2:      layout_loops_ring, marbit_many_paths, lemuel_coloured_pillars_altar,
          lemuel_crystal_altar, old_standard_altar, minmay_pentomino_t4
D:3:      layout_basic, lemuel_crystal_altar
D:4:      layout_cave_pools, cheibrodos_ashenzari_chains, old_standard_altar,
          minmay_temple_entry_gardened_gates, enter_ossuary_5
D:5:      layout_basic, kennysheep_little_box, lemuel_doored_altar,
          serial_rivers, chequers_serial_rivers_marsh,
          chequers_serial_rivers_large_a, chequers_serial_rivers_small_b,
          chequers_serial_rivers_room_b, chequers_serial_rivers_small_a,
          uniq_blork_the_orc
D:6:      layout_rooms, basic_altar
D:7:      layout_rooms, lemuel_zombie_altar_yredelemnul, kennysheep_mini_moat,
          nicolae_ru_great_annihilating_truth
D:8:      layout_basic, nicolae_overflow_crystal_walls
D:9:      layout_irregular_city, chequers_serial_rivers_micro_d,
          lemuel_old_faithful
D:10:     layout_irregular_city, david_lair_shrubbed, erik_orc_4, serial_ice,
          serial_ice_c, serial_ice_n, serial_ice_b, serial_ice_j, serial_ice_a,
          serial_ice_o, serial_ice_f, hangedman_tree_tricks
D:11:     layout_stronghold, nicolae_twisting_strands
Temple:   dpeg_three_leaves_temple

Skill      XL: |  1  2  3  4  5  6  7  8  9 10 |
---------------+-------------------------------+-----
Axes           | 3 4 5 6 8 10 11 | 11.6
Fighting       | 3 4 5 6 7 |  7.3
Shields        | 4 5 6 |  6.5
Armour         | 4 5 6 7 8 |  8.8
Invocations    | 1 2 |  2.8
Dodging        | 1 3 5 |  5.9
Spellcasting   | 1 3 |  3.3

Action                   |  1- 3 |  4- 6 |  7- 9 | 10-12 || total
-------------------------+-------+-------+-------+-------++-------
Melee: War axe           |   110 |   126 |   306 |       ||   542
       Executioner's axe |       |       |   116 |   247 ||   363
Invok: Sacrifice Essence |       |       |       |     1 ||     1
       Sacrifice Stealth |       |       |       |     1 ||     1
 Abil: Heal Wounds       |     1 |     7 |    19 |    17 ||    44
  Use: Scroll            |       |       |    26 |     5 ||    31
       Potion            |       |       |       |     1 ||     1
 Stab: Paralysed         |       |       |    10 |       ||    10
       Invisible         |       |       |     1 |       ||     1
       Distracted        |       |       |       |     1 ||     1
Armor: Scale mail        |    62 |    59 |     3 |       ||   124
       Plate armour      |       |       |   282 |   337 ||   619
Dodge: Dodged            |    38 |    39 |   125 |   243 ||   445
Block: Kite shield       |    56 |    81 |   145 |       ||   282
       Tower shield      |       |       |    30 |       ||    30

Table legend: (Time is in decaauts)
 A = Elapsed time spent in this place.
 B = Non-inter-level travel time spent in this place.
 C = Inter-level travel time spent in this place.
 D = Time resting spent in this place.
 E = Time spent auto-exploring this place.
 F = Levels seen in this place.
 G = Mean time per level.
                   A        B        C        D        E       F      G
               +--------+--------+--------+--------+--------+-----+--------+
         Total |   8152 |   7647 |    505 |      0 |   5587 |  13 |  627.1 |
       Dungeon |   7774 |   7284 |    490 |      0 |   5415 |  11 |  706.7 |
        Temple |     83 |     68 |     15 |      0 |     67 |   1 |   83.0 |
       Ossuary |    294 |    294 |      0 |      0 |    105 |   1 |  294.0 |
               +--------+--------+--------+--------+--------+-----+--------+

Top non-repeatable levels by time:
     D:5: 994 daAuts
     D:7: 917 daAuts
     D:2: 838 daAuts
     D:3: 783 daAuts
     D:8: 750 daAuts
    D:10: 665 daAuts
     D:6: 636 daAuts
     D:1: 635 daAuts
     D:4: 625 daAuts
     D:9: 582 daAuts
    D:11: 344 daAuts
 Ossuary: 294 daAuts
  Temple: 83 daAuts
